[Event "*** Titled Tuesday Blitz"]
[Site "Chess.com"]
[Date "2020.05.12"]
[Round "5"]
[White "chessuriel"]
[Black "Gerodot71"]
[Result "0-1"]
[WhiteElo "2161"]
[BlackElo "2422"]
[TimeControl "180+1"]
[EndTime "10:55:57 PDT"]
[Termination "Gerodot71 won by resignation"]

1. e4 e5 2. Nf3 Nc6 3. Bc4 Bc5 4. d3 Nf6 5. c3 O-O 6. Bb3 d5 7. Nbd2 Be6 8. Qe2 Re8 9. O-O dxe4 10. dxe4 Qe7 11.
Re1 Rad8 12. Nf1 Bxb3 13. axb3 h6 14. b4 Bb6 15. Ng3 Qe6 16. Nh4 Ne7 17. Nhf5 Nxf5 18. Nxf5 Kh7 19. Qf3 Ng8 20. Qh3 Rd7 21. Qh4 Ne7 22. Qg4 Nxf5 23. exf5 Qf6 24. Be3 Red8 25. Bxb6 axb6 26. h4 Rd2 27. Qe4 Rxb2 28. Ra7 Rdd2 29. Rf1 Rbc2 30. Qc4 Qxf5 31. g4 Qf6 32. Qe4+ g6 33.
g5 hxg5 34. hxg5 Qxg5+ 35. Qg2 Qxg2+ 36. Kxg2 Rxc3 37. Rxb7 Rb2 38. Re1 Rcc2 39. Rxe5 Rxf2+ 40. Kg3 Rfc2 41. Re7 Kg7 42. Rexc7 Rxc7 43. Rxc7 Rxb4 44. Rb7 b5 45. Rb8 g5 46. Rb6 f6 47. Kf3 Kg6 48. Rb8 g4+ 49. Kg3 Kg5 50. Rg8+ Kf5 51. Rc8 Rb3+ 52.
Kg2 Kg5 53. Rg8+ Kf4 54. Re8 f5 55. Rb8 Rb2+ 56. Kf1 Kg3 0-1

[Event "*** Titled Tuesday Blitz"]
[Site "Chess.com"]
[Date "2020.05.12"]
[Round "5"]
[White "manitodeplomo"]
[Black "Mykola-Bortnyk"]
[Result "0-1"]
[WhiteElo "2606"]
[BlackElo "2875"]
[TimeControl "180+1"]
[EndTime "10:55:58 PDT"]
[Termination "Mykola-Bortnyk won on time"]

1. d4 Nf6 2. c4 e6 3. Nf3 b6 4. g3 Bb7 5. Bg2 Bb4+ 6. Nbd2 O-O 7. O-O d5 8. a3 Be7 9. b4 a5 10. b5 c5 11. a4 dxc4 12. Nxc4 cxd4 13. Qxd4 Bc5 14.
Qxd8 Rxd8 15. Be3 Bxe3 16. Nxe3 Nbd7 17. Rfc1 Rac8 18. Nd4 Bxg2 19. Kxg2 Nc5 20. Nc6 Re8 21. Nc4 Nb3 22. Nxb6 Rc7 23. Nc4 Nxc1 24. Rxc1 Ra8 25. Rb1 Nd5 26. N4xa5 Nb6 27. Rb4 Kf8 28. e4 f6 29. Kf3 Rd7 30. Nc4 Nxa4 31. b6 Nc5 32. N4a5 Nb7 33. Rb5 Ke8 34. Nxb7 Rxb7 35. Na5 Rbb8 36.
Nc6 Ra3+ 37. Kg2 Rb7 38. Na5 Rxa5 39. Rxa5 Rxb6 40. Ra7 Kf8 41. h4 Rb5 42. Kf3 h5 43. Kf4 Rb3 44. g4 Rh3 45. gxh5 Rxh4+ 46. Ke3 Rxh5 47.
f4 Rb5 48. Kf3 Rb3+ 49. Kg4 Re3 0-1

[Event "*** Titled Tuesday Blitz"]
[Site "Chess.com"]
[Date "2020.05.12"]
[Round "5"]
[White "valeriocarnicelli"]
[Black "TrenerChos"]
[Result "1-0"]
[WhiteElo "2540"]
[BlackElo "2391"]
[TimeControl "180+1"]
[EndTime "10:55:58 PDT"]
[Termination "valeriocarnicelli won by checkmate"]

1. e4 c5 2. Nf3 d6 3. d4 cxd4 4. Nxd4 Nf6 5. Nc3 a6 6. f3 e5 7.
Nb3 Be6 8. Be3 Be7 9. Qd2 Nc6 10. O-O-O Qc7 11. Nd5 Bxd5 12. exd5 Nb8 13. Kb1 O-O 14. c4 b6 15. g4 a5 16. g5 Nfd7 17. Qc2 Rc8 18. Rc1 Nc5 19. Nxc5 bxc5 20. h4 Nd7 21. h5 Rcb8 22. g6 e4 23. Qxe4 Bf6 24. gxf7+ Kh8 25. Rh2 Qb7 26. Rcc2 Ne5 27. h6 g6 28. Qf4 Qxf7 29.
Bh3 a4 30. Be6 Qe7 31. Qe4 Ra7 32. Rhg2 Rab7 33. f4 Nd7 34. Bc1 a3 35. b3 Nb6 36.
Bxa3 Na4 37. Rg3 Nb6 38. Bb2 Bxb2 39. Rxb2 Qf6 40. f5 gxf5 41. Rbg2 Rf7 42. Bxf7 Qxf7 43. Qe6 Qxe6 44. dxe6 f4 45. Rf3 Nxc4 46. Rxf4 Ne5 47.
e7 Nd7 48. Rf7 Re8 49. Rgg7 Nf6 50. Rxf6 c4 51. Rf8+ Rxf8 52. exf8=Q# 1-0

[Event "*** Titled Tuesday Blitz"]
[Site "Chess.com"]
[Date "2020.05.12"]
[Round "5"]
[White "adriangschnitzer"]
[Black "GreatOwl02"]
[Result "1-0"]
[WhiteElo "2501"]
[BlackElo "2343"]
[TimeControl "180+1"]
[EndTime "10:55:58 PDT"]
[Termination "adriangschnitzer won on time"]

1. c4 e5 2. Nc3 Nf6 3. Nf3 Nc6 4.
e3 Bb4 5. Qc2 d6 6. a3 Bxc3 7.
Qxc3 e4 8. Nd4 Ne5 9. b4 O-O 10. Bb2 b6 11. O-O-O c5 12. Nc2 cxb4 13. axb4 Be6 14.
Kb1 Rc8 15. Na3 Nfg4 16. d4 exd3 17. Bxd3 Nxf2 18. Bxh7+ Kh8 19. Bc2 Nxd1 20. Rxd1 Qg5 21. Rxd6 Nxc4 22. Nxc4 Rxc4 23. Qd3 Rxc2 24. Qxc2 Bf5 25. e4 Qf4 26. Rd4 Bg6 27. g3 Qf1+ 28. Rd1 Qb5 29. Re1 Qxb4 30. Qc1 Bxe4+ 31. Ka1 Qa4+ 32.
Ba3 Re8 33. Re3 Kg8 34. Ka2 Bd5+ 35. Ka1 Rxe3 36. Qxe3 Qd1+ 37. Kb2 Be6 38. Bb4 1-0

[Event "*** Titled Tuesday Blitz"]
[Site "Chess.com"]
[Date "2020.05.12"]
[Round "5"]
[White "Fins0905"]
[Black "GHANDEEVAM2003"]
[Result "0-1"]
[WhiteElo "2616"]
[BlackElo "2930"]
[TimeControl "180+1"]
[EndTime "10:55:59 PDT"]
[Termination "GHANDEEVAM2003 won by checkmate"]

1. e4 e6 2. d3 d5 3. Nd2 Nf6 4.
Ngf3 c5 5. g3 Nc6 6. Bg2 g6 7.
O-O Bg7 8. Re1 O-O 9. c3 b6 10. e5 Nd7 11. d4 f6 12. exf6 Qxf6 13. Nb3 c4 14. Bg5 Qf7 15. Nbd2 e5 16. dxe5 Ndxe5 17. Nxe5 Nxe5 18. f4 Bg4 19. Qa4 Bd7 20. Qa3 h6 21. Bxh6 Bxh6 22. Rxe5 Bc6 23. Rae1 Rae8 24. Nxc4 Bg7 25.
Nd6 Rxe5 26. Rxe5 Qd7 27. Bxd5+ Bxd5 28. Rxd5 Qe6 29. Qb3 Qe3+ 30. Kg2 Qe2+ 31. Kh3 Qf1+ 32. Kg4 Qe2+ 33. Kh3 Kh7 34. Qc4 Qxb2 35. Qe4 Qxc3 36.
Rg5 Qf6 37. Ne8 Qf7 38. Nd6 Qd7+ 39. f5 Rf6 40. Nc4 gxf5 41. Qe2 f4+ 42. Qg4 Rh6+ 43.
Kg2 Qc6+ 44. Kg1 Bd4+ 45. Kf1 Qxc4+ 46. Kg2 Qc2+ 47. Kf3 Qd3+ 48. Kxf4 Qe3+ 49. Kf5 Rf6# 0-1

[Event "*** Titled Tuesday Blitz"]
[Site "Chess.com"]
[Date "2020.05.12"]
[Round "5"]
[White "Kirill_Klukin"]
[Black "Unknown_IM"]
[Result "0-1"]
[WhiteElo "2694"]
[BlackElo "2567"]
[TimeControl "180+1"]
[EndTime "10:55:59 PDT"]
[Termination "Unknown_IM won on time"]

1. d4 d5 2. Nf3 Nf6 3. c4 c6 4.
Nbd2 e6 5. e3 Nbd7 6. Bd3 Bd6 7.
O-O O-O 8. e4 e5 9. cxd5 cxd5 10.
exd5 exd4 11. Nc4 Nb6 12. Bg5 Nbxd5 13. Nxd4 h6 14. Bh4 Nf4 15. Bc2 Be7 16. Nf5 Bxf5 17. Bxf5 Qc7 18. Rc1 Rad8 19. Qf3 Rd4 20. b3 b5 21. Ne3 Qe5 22. Bg3 g6 23. Bb1 Rfd8 24. Rfe1 Qg5 25. h4 Qh5 26. Qb7 Ne2+ 27. Rxe2 Qxe2 28. Qxe7 Rd1+ 29. Kh2 Ng4+ 30. Kh3 Nxe3 31. fxe3 Rxc1 32. Qxd8+ Kh7 33. Bxg6+ Kxg6 34. Qg8+ Kf6 35.
Qh8+ Ke7 36. Qe5+ Kd7 37. Qd6+ Kc8 38. Qb8+ Kd7 39. Qxa7+ Ke6 40. Qb6+ Kf5 41. Kh2 Qf1 42. Bf4 Kg4 0-1

[Event "*** Titled Tuesday Blitz"]
[Site "Chess.com"]
[Date "2020.05.12"]
[Round "5"]
[White "pawel83"]
[Black "Mikhail_Golubev"]
[Result "0-1"]
[WhiteElo "2363"]
[BlackElo "2512"]
[TimeControl "180+1"]
[EndTime "10:55:59 PDT"]
[Termination "Mikhail_Golubev won by resignation"]

1. d4 Nf6 2. Nf3 d6 3. c4 g6 4. Nc3 Bg7 5. e4 O-O 6. Be2 e5 7. dxe5 dxe5 8. Qxd8 Rxd8 9. Bg5 c6 10. Nd2 Na6 11.
Nb3 h6 12. Bh4 Be6 13. O-O g5 14. Bg3 Nd7 15. f3 Bf8 16. a3 Nac5 17. Na5 Rac8 18. b4 b6 19. bxc5 Bxc5+ 20. Bf2 bxa5 21. Rfd1 Bxf2+ 22. Kxf2 Nc5 23. Ke3 Nb3 24. Rab1 Nd4 25. Bd3 Rb8 26. Na4 Kf8 27. Nc5 Ke7 28. Nb7 Rdc8 29. Nxa5 c5 30. g3 Rb6 31. Nb7 Rc7 32. Na5 Ra6 33. Nb3 Rxa3 34. Nxd4 cxd4+ 35. Kd2 Bxc4 36. Bxc4 Rxc4 37. Rb7+ Kf6 38. Rc1 Ra2+ 39. Kd1 Rxc1+ 40. Kxc1 a5 41. Rb6+ Kg7 42. Ra6 f6 43. Kd1 Rxh2 44.
Rxa5 h5 45. Ra6 Rg2 46. Ke1 Rxg3 47. Kf2 h4 48. Ra7+ Kg6 49. Ra6 g4 50. fxg4 Rxg4 0-1

[Event "*** Titled Tuesday Blitz"]
[Site "Chess.com"]
[Date "2020.05.12"]
[Round "5"]
[White "zubridis"]
[Black "kai_nov"]
[Result "1-0"]
[WhiteElo "2474"]
[BlackElo "2258"]
[TimeControl "180+1"]
[EndTime "10:55:59 PDT"]
[Termination "zubridis won by checkmate"]

1. Nf3 c5 2. e4 Nc6 3. Bb5 e5 4. Nc3 d6 5. O-O Be7 6. a3 Nf6 7. d3 O-O 8. h3 Nd4 9. Bc4 a6 10. Bg5 b5 11. Ba2 Be6 12. Bxf6 Bxf6 13. Nd5 Be7 14. c3 Nxf3+ 15. Qxf3 Kh8 16. Ne3 g6 17. Bd5 Rb8 18. b4 Bg5 19. c4 Qe7 20. bxc5 dxc5 21. Rfb1 Kg7 22. Bxe6 fxe6 23. Qe2 Bxe3 24.
Qxe3 Qd6 25. cxb5 axb5 26. Rc1 Rfc8 27. Rab1 Qd4 28. Rb3 b4 29. Rc4 Qa1+ 30. Kh2 Qa2 31. d4 cxd4 32. Qd3 bxa3 33. Rxb8 Qxc4 34. Qg3 Rxb8 35. Qxe5+ Kh6 36. Qf4+ Kg7 37. Qe5+ Kh6 38. Qxb8 a2 39. Qf8+ Kg5 40. f4+ Kh5 41. g4+ Kh4 42. Qh6# 1-0

[Event "*** Titled Tuesday Blitz"]
[Site "Chess.com"]
[Date "2020.05.12"]
[Round "5"]
[White "MichailovM"]
[Black "chenxiaoyuer"]
[Result "1-0"]
[WhiteElo "2407"]
[BlackElo "2228"]
[TimeControl "180+1"]
[EndTime "10:55:59 PDT"]
[Termination "MichailovM won by checkmate"]

1. e4 c5 2. Nf3 d6 3. d4 cxd4 4. Nxd4 Nf6 5. Nc3 Nc6 6. Bg5 e6 7. Qd2 Qb6 8. Nb3 Be7 9. O-O-O O-O 10. f3 Rd8 11. Be3 Qc7 12. Nb5 Qb8 13. g4 a6 14.
N5d4 d5 15. g5 Nh5 16. Nxc6 bxc6 17. Qc3 Qc7 18. e5 a5 19. Nc5 g6 20. Bd3 Rb8 21. a3 Ng7 22. h4 Nh5 23. Rhg1 Bf8 24. Rg4 Bg7 25. Bd4 Bf8 26. Re1 Ng7 27. Nb3 Be7 28.
Qxa5 Qxa5 29. Nxa5 c5 30. Nc6 cxd4 31. Nxe7+ Kf8 32.
Nc6 Bb7 33. Nxd8 Rxd8 34. Rxd4 Rb8 35. Rb4 Ne8 36. a4 Nc7 37. a5 Na6 38. Bxa6 Bxa6 39.
Rxb8+ Ke7 40. Rb6 Bb5 41. a6 Kf8 42. a7 Kg7 43. a8=Q h5 44. Rb8 Be8 45. Rxe8 f5 46. Rg8+ Kh7 47. Qf8 f4 48. Qg7# 1-0

[Event "*** Titled Tuesday Blitz"]
[Site "Chess.com"]
[Date "2020.05.12"]
[Round "5"]
[White "Megagigahiper3345"]
[Black "pouya21"]
[Result "1-0"]
[WhiteElo "2514"]
[BlackElo "2752"]
[TimeControl "180+1"]
[EndTime "10:56:00 PDT"]
[Termination "Megagigahiper3345 won by resignation"]

1. d4 f5 2. Nf3 Nf6 3. g3 g6 4. Bg2 Bg7 5. O-O O-O 6. c4 d6 7. Nc3 c6 8. b3 Qc7 9. Bb2 e5 10. dxe5 dxe5 11. e4 Rd8 12. Qe2 f4 13. gxf4 Bg4 14.
fxe5 Nfd7 15. h3 Bxf3 16. Qxf3 Nxe5 17. Qe2 Nd3 18. Rad1 Nxb2 19. Qxb2 Na6 20. Qc1 Qa5 21. Na4 Nb4 22. Qe3 Nc2 23. Qc5 Qc7 24. Qg5 Nd4 25. h4 Ne6 26. Qg4 Nf4 27. Nc5 Qe5 28. Nxb7 Rf8 29. Rd7 Bf6 30. Re1 h5 31. Qg3 Kh8 32.
Nd6 Bg7 33. Nf7+ Rxf7 34. Rxf7 Rf8 35. Rxf8+ Bxf8 36. Bf1 Bc5 37. Rd1 Kg7 38. Rd7+ Kh6 39. Qg5+ Qxg5+ 40. hxg5+ Kxg5 41. Rc7 Ne6 42. Rxc6 Kf6 43.
Bh3 1-0

[Event "*** Titled Tuesday Blitz"]
[Site "Chess.com"]
[Date "2020.05.12"]
[Round "5"]
[White "PaulfromSPb"]
[Black "Diego_FloresQ"]
[Result "0-1"]
[WhiteElo "2620"]
[BlackElo "2455"]
[TimeControl "180+1"]
[EndTime "10:56:00 PDT"]
[Termination "Diego_FloresQ won by resignation"]

1. e4 c5 2. Ne2 e6 3. g3 d5 4.
Bg2 d4 5. O-O Nc6 6. d3 Bd6 7.
f4 Nge7 8. Nd2 f5 9. Nf3 O-O 10. e5 Bc7 11. c4 b6 12. a3 Rb8 13. Rb1 a5 14. Bd2 Bd7 15. b4 axb4 16. axb4 Be8 17. b5 Na7 18. Ra1 Nac8 19. Ng5 Qd7 20. Bf3 h6 21. Nh3 Qd8 22. Ra3 Ng6 23. Qc2 Nh8 24.
Rfa1 Kh7 25. Ra8 Rxa8 26. Rxa8 Bd7 27. Qa2 Nf7 28. Nf2 g5 29. Kh1 Rg8 30. Qa1 gxf4 31. gxf4 Qh4 32. Qf1 Ne7 33. Ra7 Rc8 34. Be1 Ng8 35. Ne4 Qd8 36. N4g3 Bb8 37. Ra6 Nh8 38. Nh5 Be8 39. Neg3 Ng6 40. Bb7 Rc7 41. Bg2 Ra7 42.
Qf3 Nh4 43. Rxa7+ Bxa7 44. Qb7+ Qd7 45. Qxd7+ Bxd7 46. Bc6 Bxc6+ 47. bxc6 Bb8 48. Ne4 fxe4 49. Bxh4 exd3 50. Be1 Ne7 51. Nf6+ Kg6 52. Kg2 Nxc6 53. Kf3 Bxe5 54. Nd7 Bc7 55. Ke4 Kf7 56. Kxd3 Ke7 57.
Ne5 Bxe5 0-1

[Event "*** Titled Tuesday Blitz"]
[Site "Chess.com"]
[Date "2020.05.12"]
[Round "5"]
[White "druskacik"]
[Black "TheoSlade"]
[Result "1-0"]
[WhiteElo "2641"]
[BlackElo "2272"]
[TimeControl "180+1"]
[EndTime "10:56:00 PDT"]
[Termination "druskacik won on time"]

1. e4 e5 2. Nf3 Nc6 3. Nc3 Nf6 4.
d4 exd4 5. Nxd4 Bb4 6. Nxc6 bxc6 7. Bd3 d5 8. exd5 O-O 9. O-O cxd5 10. Bg5 c6 11.
Qf3 Bd6 12. Rae1 h6 13. Bxf6 Qxf6 14. Qxf6 gxf6 15. Nd1 Bd7 16. Ne3 Rab8 17. b3 Rfe8 18. Nf5 Bxf5 19. Bxf5 Bb4 20. Rd1 Re2 21. Rd3 Rb7 22.
Rg3+ Kf8 23. Rh3 Kg7 24. Bd3 Re8 25. Rg3+ Kf8 26. Rh3 Kg7 27. Rh4 Bd6 28. g3 Rbe7 29. Kg2 Re1 30. Rg4+ Kf8 31. Rxe1 Rxe1 32. Ra4 Re7 33.
Ra6 Rc7 34. Kf3 Ke7 35. Kg4 Ke6 36. Bf5+ Ke5 37. Bd3 Bf8 38. Ra4 c5 39. f4+ Ke6 40. Ra6+ Ke7 41. Kf5 Bg7 42. Bb5 Bh8 43. Bc6 d4 44.
Bd5 Bg7 45. Bc4 Bh8 46. Ra5 Bg7 47. Rb5 Bh8 48. Rb8 Bg7 49. Rg8 Bf8 50. Rh8 Rc6 51. Rh7 Rd6 52. Rxf7+ Ke8 53. Rxa7 Rb6 54. a4 Be7 55. a5 Rb4 56. a6 Rb8 57. Rb7 Ra8 58.
Bb5+ Kf8 59. Ke6 Bd8 60. a7 Bb6 61. Rb8+ Rxb8 62.
axb8=Q+ 1-0

[Event "*** Titled Tuesday Blitz"]
[Site "Chess.com"]
[Date "2020.05.12"]
[Round "5"]
[White "RamonManon0g"]
[Black "ErikRonka"]
[Result "0-1"]
[WhiteElo "2222"]
[BlackElo "2419"]
[TimeControl "180+1"]
[EndTime "10:56:00 PDT"]
[Termination "ErikRonka won by resignation"]

1. d4 d5 2. c4 c6 3. Nf3 Nf6 4. Nc3 e6 5. e3 Nbd7 6. Bd3 dxc4 7. Bxc4 b5 8. Bb3 b4 9. Na4 Ba6 10. Bd2 Rc8 11. Rc1 c5 12. dxc5 Bxc5 13. Nxc5 Nxc5 14.
Ba4+ Nfd7 15. Ne5 O-O 16. Nxd7 Nd3+ 17. Ke2 Qg5 18. e4 Qxg2 19. Be3 Nxc1+ 20. Kd2 Rfd8 21. Qxc1 Rxc1 22. Rxc1 Qxe4 23. Rc7 Qd3+ 24. Kc1 Qf1+ 25.
Kc2 Qd3+ 26. Kc1 h6 27. Bd2 Rc8 28. Rxc8+ Bxc8 29. Nb8 Qc4+ 30. Kd1 Qc7 31. Bxb4 Qxb8 32. Bc3 Qxh2 33. Ke2 Ba6+ 34. Ke3 h5 35. Bc6 h4 36.
Bd4 Qg1 37. Bxa7 Qc1+ 38. Kf3 Qxc6+ 39. Kg4 Be2+ 40. Kxh4 Qf3 0-1

[Event "*** Titled Tuesday Blitz"]
[Site "Chess.com"]
[Date "2020.05.12"]
[Round "5"]
[White "Mazanchenko_Dmitry"]
[Black "manmanlai1"]
[Result "0-1"]
[WhiteElo "2129"]
[BlackElo "2330"]
[TimeControl "180+1"]
[EndTime "10:56:01 PDT"]
[Termination "manmanlai1 won on time"]

1. e4 c5 2. Ne2 e6 3. Nbc3 Nc6 4. d4 cxd4 5. Nxd4 a6 6. Nxc6 bxc6 7. e5 Qa5 8. f4 Nh6 9. Bd3 Bc5 10. Bd2 Qc7 11.
Ne4 Ba7 12. Nd6+ Kf8 13. g4 Rb8 14. f5 Ng8 15. Rf1 f6 16. fxe6 dxe6 17. Bc3 Bc5 18. exf6 gxf6 19. Bxf6 Nxf6 20. Rxf6+ Kg8 21. Ne4 Bd4 22.
Qf3 Qe7 23. c3 Bxf6 24. Nxf6+ Kg7 25. Nh5+ Kg8 26. O-O-O Bb7 27. Qf4 Rf8 28. Qh6 c5 29.
g5 Rf2 30. Rf1 Rxf1+ 31. Bxf1 Kf7 32. g6+ Ke8 33. g7 Rg8 34. Nf6+ Kf7 35. Qxh7 Qxf6 36. Bd3 Rxg7 37. Qh5+ Kg8 38. Qxc5 Bd5 39. Qc8+ Qf8 0-1

[Event "*** Titled Tuesday Blitz"]
[Site "Chess.com"]
[Date "2020.05.12"]
[Round "5"]
[White "mamonika"]
[Black "agrigo3"]
[Result "1-0"]
[WhiteElo "1988"]
[BlackElo "2272"]
[TimeControl "180+1"]
[EndTime "10:56:01 PDT"]
[Termination "mamonika won on time"]

1. b4 e5 2. Bb2 d6 3. c4 Nf6 4. d3 Be7 5. Nf3 O-O 6. g3 e4 7.
dxe4 Nxe4 8. Nbd2 Bf6 9. Bxf6 Nxf6 10. Bg2 Re8 11. O-O Nc6 12. b5 Ne7 13. Nd4 Rb8 14.
Qa4 a6 15. bxa6 bxa6 16. e3 c5 17. Nc6 Nxc6 18. Bxc6 Bd7 19. Rab1 Qc7 20. Bxd7 Qxd7 21. Qxd7 Nxd7 22. Rxb8 Rxb8 23. Ne4 Rb2 24. Rd1 g6 25. Rxd6 Ne5 26. Rxa6 Nf3+ 27. Kg2 Ne1+ 28. Kf1 Nf3 29. Kg2 Ne1+ 30. Kh3 Nf3 31. Ra8+ Kg7 32. Kg2 Ne1+ 33.
Kf1 Nf3 34. a4 f5 35. Nd6 Nd2+ 36. Ke2 Nxc4+ 37. Kd3 Nxd6 38. a5 Ra2 39. a6 c4+ 40. Kc3 Ra3+ 41. Kd4 Ra1 42. a7 1-0

[Event "*** Titled Tuesday Blitz"]
[Site "Chess.com"]
[Date "2020.05.12"]
[Round "5"]
[White "cukin84"]
[Black "AsselLesbekova"]
[Result "1-0"]
[WhiteElo "2119"]
[BlackElo "2255"]
[TimeControl "180+1"]
[EndTime "10:56:01 PDT"]
[Termination "cukin84 won by resignation"]

1. e4 c5 2. Nc3 Nc6 3. Bb5 Nd4 4. Bc4 e6 5. Nf3 Nf6 6. d3 d6 7. O-O Be7 8. a4 O-O 9. Nxd4 cxd4 10. Ne2 e5 11. f4 Be6 12. b3 a6 13. h3 Qd7 14. f5 Bxc4 15. bxc4 b5 16. g4 bxc4 17. g5 cxd3 18. cxd3 Ne8 19. Ng3 f6 20. g6 h6 21.
Qh5 Bd8 22. Rb1 Ba5 23. Rf2 Nc7 24. Rfb2 Be1 25. Bxh6 gxh6 26. Rxe1 Qg7 27. Qg4 Rab8 28. Reb1 Rxb2 29. Rxb2 d5 30. Nh5 Qe7 31. g7 Rc8 32. Qg6 Ne8 33. Qxh6 Nxg7 34. Nxf6+ Kf7 35. Qg6+ Kf8 36.
Nh7+ Kg8 37. f6 Rc1+ 38. Kh2 Qf7 39. Qg5 Rc8 40. Rg2 Kxh7 41. Qh4+ Kg8 42. Rxg7+ Qxg7 43. fxg7 Rc2+ 44. Kg3 Rc3 45. Qe7 Rxd3+ 46. Kh4 Rf3 47. Qe8+ Kxg7 48. Qxe5+ Kh7 49. Qh5+ 1-0

[Event "*** Titled Tuesday Blitz"]
[Site "Chess.com"]
[Date "2020.05.12"]
[Round "5"]
[White "NastaJ"]
[Black "EnergeticHay"]
[Result "0-1"]
[WhiteElo "1955"]
[BlackElo "2147"]
[TimeControl "180+1"]
[EndTime "10:56:01 PDT"]
[Termination "EnergeticHay won by resignation"]

1. e4 c5 2. c3 d5 3. exd5 Qxd5 4. d4 Nf6 5. Nf3 Bg4 6. Be2 e6 7.
O-O Nc6 8. Be3 cxd4 9. cxd4 Be7 10. Nc3 Qd6 11. h3 Bh5 12. Nb5 Qb8 13. Qb3 a6 14. Nc3 O-O 15. Rfd1 Nb4 16. Na4 b5 17. Nc5 Nbd5 18.
Rac1 Qa7 19. Rc2 Rac8 20. Nd3 Qb7 21. Nde5 Rxc2 22. Qxc2 Rc8 23. Qb3 Rc7 24. a3 Qc8 25. Bd3 Bd6 26. Re1 Bxf3 27. Nxf3 h6 28. Bd2 Bf4 29.
Ba5 Rc1 30. Rd1 Qc6 31. g3 Rxd1+ 32. Qxd1 Bd6 33. Bd2 Qc7 34. Qe2 Nd7 35. Kg2 N7b6 36.
Ba5 Qb7 37. Be4 Nc4 38. Bc3 Nxc3 39. bxc3 Qc7 40. Qa2 Nxa3 41. Nd2 Qxc3 42. d5 e5 43. Nb3 Qc4 44. Qb1 Nxb1 0-1

[Event "*** Titled Tuesday Blitz"]
[Site "Chess.com"]
[Date "2020.05.12"]
[Round "5"]
[White "Shushik"]
[Black "jaskol95"]
[Result "1-0"]
[WhiteElo "2090"]
[BlackElo "2245"]
[TimeControl "180+1"]
[EndTime "10:56:02 PDT"]
[Termination "Shushik won on time"]

1. e4 e6 2. d4 a6 3. Nc3 b5 4. a3 c5 5. d5 Bb7 6. Be3 Nf6 7.
Bg5 h6 8. Bxf6 Qxf6 9. Nf3 b4 10. Na4 exd5 11. exd5 Bd6 12. Be2 O-O 13. O-O Re8 14.
Kh1 a5 15. Bb5 Ba6 16. Qd3 Qg6 17. Bxa6 Nxa6 18. Qb5 Nc7 19. Qxd7 Nxd5 20. Rad1 Nf4 21. g3 Rad8 22. Qc6 Nh3 23. Nh4 Qxc2 24. Rxd6 Rxd6 25.
Qxd6 Qxa4 26. Kg2 Ng5 27. Qd2 Qc6+ 28. f3 bxa3 29. bxa3 c4 30. Re1 Rxe1 31. Qxe1 c3 32. Qc1 c2 33. Kf2 Qc3 34. Kg2 Ne6 35. Nf5 Qd3 36.
Ne7+ Kf8 37. Nc6 Nc5 38. Ne5 Qd4 39. Nc6 Qd1 40. Qf4 g6 41. Qb8+ 1-0

[Event "*** Titled Tuesday Blitz"]
[Site "Chess.com"]
[Date "2020.05.12"]
[Round "5"]
[White "annacramling"]
[Black "Ashedu66"]
[Result "0-1"]
[WhiteElo "1872"]
[BlackElo "2124"]
[TimeControl "180+1"]
[EndTime "10:56:02 PDT"]
[Termination "Ashedu66 won on time"]

1. d4 d6 2. Nf3 Bg4 3. c3 Nf6 4. Nbd2 Nbd7 5. e4 e5 6. h3 Bh5 7. d5 Nc5 8. g4 Bg6 9. Bb5+ Ke7 10. Nh4 Nfxe4 11. Nxe4 Nxe4 12. f3 Nf6 13. Bg5 h6 14.
Bxf6+ gxf6 15. f4 a6 16. Ba4 b5 17. Bc2 Rg8 18. f5 Bh7 19. Qd2 Qd7 20. O-O-O Kd8 21. Be4 Kc8 22. Nf3 Kb7 23. Qd3 h5 24. Rdg1 Bh6+ 25.
Kb1 Bf4 26. Nh4 Rg7 27. gxh5 Rag8 28. Rxg7 Rxg7 29. Nf3 Qc8 30. Rg1 Rxg1+ 31. Nxg1 Qg8 32. Ne2 Qg5 33. Nxf4 Qxf4 34. Qe2 Bxf5 35. Bxf5 Qxf5+ 36. Kc1 Qxh3 37. Qd1 Qh4 38. Qe2 Qf4+ 39. Kc2 e4 40. Kb3 Qf5 0-1

[Event "*** Titled Tuesday Blitz"]
[Site "Chess.com"]
[Date "2020.05.12"]
[Round "5"]
[White "Paralinch"]
[Black "Harut-1998"]
[Result "0-1"]
[WhiteElo "2878"]
[BlackElo "2770"]
[TimeControl "180+1"]
[EndTime "10:56:03 PDT"]
[Termination "Harut-1998 won by resignation"]

1. e4 e6 2. d4 d5 3. exd5 exd5 4. Nf3 Bd6 5. c4 Nf6 6. Nc3 O-O 7. Bg5 Re8+ 8. Be2 dxc4 9. O-O h6 10. Bh4 Nbd7 11.
Bxc4 Nb6 12. Bb3 Be6 13. Bc2 Nbd5 14. a3 Nf4 15. Re1 Be7 16. Bg3 N4d5 17. Qd3 c6 18. Be5 g6 19. Qd2 Ng4 20. Bg3 Nxc3 21. bxc3 Bd5 22. Ne5 Nxe5 23. Bxe5 Bg5 24. f4 Bh4 25.
Re3 f6 26. Bxg6 fxe5 27. Bxe8 Qxe8 28. fxe5 Qg6 29. Rf1 Kh7 30. Qd3 Rg8 31. Qxg6+ Rxg6 32. g3 Be7 33. a4 b5 34. a5 a6 35. Rf5 Kg7 36.
h4 Bxh4 37. Kh2 Bg5 38. Re2 Be7 39. Ref2 Rg5 40. Rxg5+ Bxg5 41. Kh3 Bd8 42. Rf1 Bxa5 43. Ra1 Bxc3 44. Rxa6 Bxd4 45. Kg4 Bxe5 46. Kf5 Bxg3 47.
Ra7+ Kf8 48. Rh7 Bd6 49. Kf6 Ke8 50. Rxh6 Kd7 51. Rh7+ Kc8 52. Kf5 b4 53. Rh6 Kc7 54.
Rh7+ Kb6 55. Rd7 Bc5 56. Rd8 b3 57. Rb8+ Kc7 0-1

[Event "*** Titled Tuesday Blitz"]
[Site "Chess.com"]
[Date "2020.05.12"]
[Round "5"]
[White "Kobalia"]
[Black "GothamChess"]
[Result "0-1"]
[WhiteElo "2777"]
[BlackElo "2601"]
[TimeControl "180+1"]
[EndTime "10:56:03 PDT"]
[Termination "GothamChess won on time"]

1. e4 c6 2. d4 d5 3. exd5 cxd5 4.
Bd3 Nc6 5. c3 g6 6. Bf4 Nh6 7. Nf3 Bg7 8. O-O O-O 9. Re1 Bf5 10.
Bf1 f6 11. Qb3 Bc8 12. c4 Na5 13. Qb4 Nxc4 14. Bxc4 dxc4 15. Rxe7 b5 16. Bxh6 Bxh6 17. Nc3 a6 18. Rae1 Bf5 19. Ne4 Qd5 20. Qc5 Qxc5 21. dxc5 Rad8 22. Nd6 Bd3 23. g3 b4 24. Rd1 c3 25. bxc3 bxc3 26. Rxd3 c2 27. Rc3 c1=Q+ 28. Rxc1 Bxc1 29. Nd4 Ba3 30. Ne6 Bxc5 31. Rg7+ Kh8 32. Nf7+ Rxf7 33. Rxf7 Rc8 34. Rxf6 a5 35. a4 Bb4 36. Rf7 Rc1+ 37. Kg2 Kg8 38. Rd7 Ra1 39. Rd8+ Kf7 40. Ng5+ Ke7 41. Rb8 h6 42. Rb7+ Kd6 43. Ne4+ Ke5 0-1

[Event "*** Titled Tuesday Blitz"]
[Site "Chess.com"]
[Date "2020.05.12"]
[Round "5"]
[White "julinha97"]
[Black "KaterinaMiroshnik"]
[Result "0-1"]
[WhiteElo "2191"]
[BlackElo "2463"]
[TimeControl "180+1"]
[EndTime "10:56:03 PDT"]
[Termination "KaterinaMiroshnik won on time"]

1. e4 e6 2. d4 d5 3. Bd3 Nf6 4. e5 Nfd7 5. f4 c5 6. c3 Nc6 7.
Nf3 Be7 8. O-O a6 9. Kh1 b5 10. f5 cxd4 11. cxd4 exf5 12. Bxf5 Nb6 13. Bxc8 Rxc8 14.
Nc3 O-O 15. Bf4 Nc4 16. b3 Nb6 17. Ne2 Nb4 18. Ng3 Qd7 19. a3 Nc2 20. Rc1 Nxa3 21. Qd2 b4 22. Bg5 Rxc1 23. Rxc1 a5 24. h3 Nb5 25.
Qd3 Nc3 26. Nf5 Bxg5 27. Nxg5 g6 28. Nh6+ Kg7 29. Ng4 Qf5 30. Qd2 h5 31. Nh2 Ne4 32.
Nxe4 dxe4 33. Rf1 Qe6 34. Rb1 Nd5 35. Nf1 Nc3 36. Rb2 Rd8 37. Ne3 Qd7 38. Nc2 Qd5 39. Qe3 Nd1 40. Qc1 Nxb2 41. Qxb2 e3 42. Nxe3 Qxd4 43.
Qf2 Qxe5 44. Qe2 Re8 0-1

[Event "*** Titled Tuesday Blitz"]
[Site "Chess.com"]
[Date "2020.05.12"]
[Round "5"]
[White "Batica1984"]
[Black "Duhless"]
[Result "1-0"]
[WhiteElo "2820"]
[BlackElo "3084"]
[TimeControl "180+1"]
[EndTime "10:56:04 PDT"]
[Termination "Batica1984 won by resignation"]

1. e4 Nf6 2. e5 Nd5 3. d4 d6 4.
Nf3 g6 5. Bc4 Nb6 6. Bb3 Bg7 7.
a4 a5 8. Qe2 O-O 9. h3 dxe5 10.
dxe5 c5 11. O-O Nc6 12. Nc3 c4 13. Bxc4 Nxc4 14. Qxc4 Nxe5 15. Nxe5 Bxe5 16. Bh6 Be6 17. Qb5 Bg7 18. Bxg7 Kxg7 19. Qe5+ Kg8 20. Rad1 Qb6 21. Nb5 Rac8 22. Rd2 Qc5 23. Qxc5 Rxc5 24. b3 Rd5 25. Rxd5 Bxd5 26. Rd1 Bc6 27. f3 Rc8 28. Na7 Rc7 29. Nxc6 Rxc6 30. c4 Rb6 31. Rd3 Kg7 32. Kf2 Kf6 33.
Ke3 h5 34. h4 Re6+ 35. Kd2 Rb6 36. Kc3 Re6 37. c5 Re2 38. g3 Rg2 39. f4 e5 40. fxe5+ Kxe5 41. Kc4 Ke4 42. Rd7 Rxg3 43. Rxb7 g5 44. Re7+ Kf5 45. hxg5 Kxg5 46. c6 h4 47. c7 Rg1 48. Re3 Rc1+ 49. Rc3 1-0